 Dungeon Crawl Stone Soup version 0.26-a0-612-gd4d190f45e (webtiles) character file.

Game seed: 9498878978028664012

34 DogServant the Vexing (level 3, -1/20 HPs)
             Began as a Vampire Enchanter on Sept 10, 2020.
             Slain by a goblin (5 damage)
             ... led by Robin
             ... on level 2 of the Dungeon.
             The game lasted 00:06:49 (1625 turns).

DogServant the Vexing (Vampire Enchanter)           Turns: 1625, Time: 00:06:52

Health: -1/20      AC:  2    Str:  7    XL:     3   Next: 14%
Magic:  6/6        EV: 13    Int: 17    God:
Gold:   71         SH:  0    Dex: 15    Spells: 5/6 levels left

rFire    . . .     SeeInvis +   a - +1 dagger
rCold    + + .     Faith    .   (no shield)
rNeg     + + +     Spirit   .   b - +0 robe
rPois    ∞         Reflect  .   (no helmet)
rElec    .         Harm     .   (no cloak)
rCorr    .                      (no gloves)
MR       .....                  (no boots)
Stlth    +++++.....             (no amulet)
HPRegen  0.00/turn              (no ring)
MPRegen  0.10/turn              (no ring)

@: bloodless
A: fangs 3, see invisible, unbreathing
a: Bat Form, Revivify


You were on level 2 of the Dungeon.
You visited 1 branch of the dungeon, and saw 2 of its levels.

You collected 71 gold pieces.

Inventory:

Hand Weapons
 a - a +1 dagger (weapon)
 f - a +0 short sword
Missiles
 c - 2 curare-tipped darts (quivered)
Armour
 b - a +0 robe (worn)
 e - a +0 cloak
Jewellery
 h - an uncursed ring of ice {unknown}
Scrolls
 g - a scroll of amnesia


   Skills:
 + Level 0.4 Fighting
 - Level 1.3 Short Blades
 + Level 2.3 Dodging
 + Level 5.0 Stealth
 + Level 2.3 Spellcasting
 + Level 5.1 Hexes


You had 5 spell levels left.
You knew the following spells:

 Your Spells              Type           Power        Failure   Level
a - Corona                Hex            ###....      2%          1

Your spell library contained the following spells:

 Spells                   Type           Power        Failure   Level
 Confusing Touch          Hex            ###.....     7%          3
 Tukima's Dance           Hex            ###.....     7%          3
 Ensorcelled Hibernation  Hex/Ice        ##....       10%         2
 Dazzling Flash           Conj/Hex       ##....       21%         3


Dungeon Overview and Level Annotations

Branches:
Dungeon (2/15)

Altars:

Annotations:
D:2 Robin


Innate Abilities, Weirdness & Mutations

You do not regenerate when monsters are visible.
You are frail without blood (-20% HP).
You can heal yourself when you bite living creatures.
You are immune to poison.
You have razor-sharp teeth.
You have supernaturally acute eyesight. (SInv)
You can survive without breathing.


Message History

The goblin is moderately wounded.
The goblin hits you.
* * * LOW HITPOINT WARNING * * *
The goblin misses you.
Okay, then.
As you read the scroll labeled CUAJAE DUCI, it crumbles to dust.
It is a scroll of identify.
g - a scroll of amnesia The goblin hits you but does no damage.
Robin roars a battlecry!
The goblins go into a battle-frenzy!
The goblin hits you but does no damage.
Okay, then.
Throwing (i - inventory)
c - 3 curare-tipped darts (quivered)
Press: ? - help, Shift-Dir - straight line, f - goblin
Aim: a goblin, wielding a +0 club (strong)
You throw a curare-tipped dart.
The curare-tipped dart completely misses the goblin.
The goblin hits you.
You die...

#.........#
#.........+
#.........#
#.........+
#.........##########g#
#.##+#.......!..g..gg#
#.#
#.######g#g####..gg#
####.# #.# #g#.# #.#
.....# #.# #@#g#
.....# #<# #g#'###
....(# ### #gg...#
####.# #.....#
#.######## #.....#
#........# ##....#
####.....# #....#
#.....# #.(..# #.....#
#.†..#


You could see Robin, a hobgoblin (strong) and 3 goblins.

Vanquished Creatures
  A leopard gecko (D:1)
  6 bats
  2 giant cockroaches (D:1)
  8 goblins
  4 hobgoblins
  3 kobolds (D:1)
  A frilled lizard (D:2)
  5 rats
30 creatures vanquished.

Notes
Turn   | Place    | Note
-------+----------+-------------------------------------------
     0 | D:1      | DogServant the Vampire Enchanter began the quest for the
                  | Orb.
     0 | D:1      | Reached XP level 1. HP: 13/13 MP: 3/3
   185 | D:1      | Reached XP level 2. HP: 6/15 MP: 5/5
   678 | D:1      | Reached skill level 5 in Hexes
  1525 | D:2      | Reached XP level 3. HP: 18/19 MP: 6/6
  1604 | D:2      | Noticed Robin
  1620 | D:2      | Reached skill level 5 in Stealth
  1625 | D:2      | Slain by a goblin

Illustrated notes

Levels and vault maps discovered:
D:1:      zaba_arrival_water, layout_loops_ring
D:2:      layout_basic, minmay_misc_feat_more_columns, fedhas_altar_1,
          uniq_robin, uniq_natasha

Skill      XL: |  1  2  3 |
---------------+----------+-----
Hexes          | 5 |  5.1
Stealth        | 5 |  5.0
Fighting       | |  0.4
Short Blades   | |  1.3
Dodging        | |  2.3
Spellcasting   | |  2.3

Action                   || total
-------------------------++-------
Melee: Dagger            ||    98
       Bite              ||     3
Throw: Dart              ||     1
 Cast: Corona            ||     1
 Abil: Exsanguinate      ||     1
       Revivify          ||     1
  Use: Scroll            ||     3
 Stab: Sleeping          ||    12
Armor: Robe              ||    18
Dodge: Dodged            ||    68

Table legend: (Time is in decaauts)
 A = Elapsed time spent in this place.
 B = Non-inter-level travel time spent in this place.
 C = Inter-level travel time spent in this place.
 D = Time resting spent in this place.
 E = Time spent auto-exploring this place.
 F = Levels seen in this place.
 G = Mean time per level.
                   A        B        C        D        E       F      G
               +--------+--------+--------+--------+--------+-----+--------+
         Total |   1624 |   1617 |      7 |    599 |    679 |   2 |  812.0 |
       Dungeon |   1624 |   1617 |      7 |    599 |    679 |   2 |  812.0 |
               +--------+--------+--------+--------+--------+-----+--------+

Top non-repeatable levels by time:
     D:1: 1497 daAuts
     D:2: 126 daAuts
